 Dungeon Crawl Stone Soup version 0.26.1-2-gb8aa6d0cf2 (webtiles) character file.

Game seed: 15834748539699060408

95 Chiseanne the Ducker (level 4, -2/34 HPs)
             Began as a Demonspawn Wanderer on Feb 27, 2021.
             Slain by a river rat (8 damage)
             ... on level 3 of the Dungeon.
             The game lasted 00:04:44 (1978 turns).

Chiseanne the Ducker (Demonspawn Wanderer)          Turns: 1978, Time: 00:04:45

Health: -2/34      AC: 10    Str: 15    XL:     4   Next: 39%
Magic:  4/4        EV: 12    Int: 12    God:
Gold:   127        SH:  0    Dex: 12    Spells: 3/3 levels left

rFire    . . .     SeeInvis .   k - +2 whip (flame)
rCold    . . .     Faith    .   (no shield)
rNeg     . . .     Spirit   .   a - +0 ring mail
rPois    .         Reflect  .   (no helmet)
rElec    .         Harm     .   g - +2 cloak
rCorr    .         Rampage  .   (no gloves)
Will     .....                  (no boots)
Stlth    +.........             (no amulet)
HPRegen  0.11/turn              (no ring)
MPRegen  0.09/turn              (no ring)

@: no status effects
A: icy blue scales 1
a: no special abilities


You were on level 3 of the Dungeon.
You visited 1 branch of the dungeon, and saw 3 of its levels.

You collected 127 gold pieces.

Inventory:

Hand Weapons
 e - a +0 dagger
 k - a +2 whip of flaming (weapon)
Missiles
 d - 34 poisoned darts
 f - 86 stones (quivered)
 h - 22 sling bullets
Armour
 a - a +0 ring mail (worn)
 g - a +2 cloak (worn)
Wands
 m - a wand of flame (26)
 o - a wand of paralysis (8)
Scrolls
 i - a scroll of amnesia
 j - 7 scrolls of identify
 n - a scroll of teleportation {unknown}
Potions
 b - a potion of lignification
 c - 3 potions of curing
 l - 2 potions of flight {unknown}


   Skills:
 * Level 2.8 Fighting
 - Level 2.6 Polearms
 - Level 1.0 Throwing
 * Level 1.2 Armour
 * Level 3.7 Dodging
 - Level 1.7 Stealth


You had 3 spell levels left.
You didn't know any spells.
Your spell library was empty.

Dungeon Overview and Level Annotations

Branches:
Dungeon (3/15)

Altars:
Elyvilon

Annotations:
D:2 1 runed translucent door, Crazy Yiuf


Innate Abilities, Weirdness & Mutations

You are partially covered in icy blue scales. (AC +2)


Message History

The river rat bites you.
You closely miss the adder. The adder bites you but does no damage.
The river rat bites you. The adder barely misses you.
You hit the adder. You burn the adder.
The adder is moderately wounded.
The river rat bites you. The adder bites you but does no damage.
You hit the adder. You burn the adder.
You kill the adder!
The river rat bites you but does no damage.
You hit the river rat. You burn the river rat.
The river rat is heavily wounded.
The river rat closely misses you.
Your ring mail prevents you from hitting the river rat.
The river rat is heavily wounded.
The river rat bites you.
* * * LOW HITPOINT WARNING * * *
You hit the river rat but do no damage.
The river rat is heavily wounded.
The river rat barely misses you. The river rat bites you!
You die...

#######..## #≈≈S≈w≈#
##..# #≈#########
####.####≈S≈≈≈≈≈≈≈#
#.......####≈#≈#≈≈#
#.........≈≈≈≈≈.≈.##
#...........≈......#
#............†.....#
######.......†.r#####...#
#.....<.†.......@.....###
..#####################
### ######### ........#
........#
....)...##########
.................#
.................#


You could see a river rat.

Vanquished Creatures
  5 adders
  2 oozes
  3 dart slugs (D:1)
  An orc (D:2)
  8 bats
  2 giant cockroaches (D:3)
  6 goblins
  3 hobgoblins
  3 kobolds (D:1)
  2 frilled lizards (D:1)
  3 rats
38 creatures vanquished.

Notes
Turn   | Place    | Note
-------+----------+-------------------------------------------
     0 | D:1      | Chiseanne the Demonspawn Wanderer began the quest for the
                  | Orb.
     0 | D:1      | Chiseanne set off with the following items: a +2 spear, a
                  | potion of lignification, a potion of curing, a +0 robe, a
                  | +0 dagger
     0 | D:1      | Reached XP level 1. HP: 15/15 MP: 1/1
   423 | D:1      | Reached skill level 3 in Dodging
   424 | D:1      | Gained mutation: You are partially covered in icy blue
                  | scales. (AC +2) [demonic ancestry]
   424 | D:1      | Reached XP level 2. HP: 21/21 MP: 2/2
   767 | D:1      | Reached XP level 3. HP: 27/27 MP: 3/3
  1021 | D:2      | Found a runed translucent door.
  1022 | D:2      | Noticed Crazy Yiuf
  1374 | D:2      | Found a white marble altar of Elyvilon.
  1868 | D:3      | Reached skill level 1 in Armour
  1868 | D:3      | Reached XP level 4. HP: 30/34 MP: 4/4
  1978 | D:3      | Slain by a river rat

Illustrated notes

Levels and vault maps discovered:
D:1:      minmay_arrival_open_corners, layout_basic, minmay_misc_feat_roman
D:2:      layout_loops_cross, elyvilon_altar_3, uniq_crazy_yiuf_cottage
D:3:      minmay_wonky_spiral, layout_rooms, general_overflow_altar,
          lightli_sewer_entry_pipes, st_stairs_9, kennysheep_boxes, uniq_natasha

Skill      XL: |  1  2  3 |
---------------+----------+-----
Dodging        | 3 |  3.7
Fighting       | 2 |  2.8
Armour         | 1 |  1.2
Polearms       | |  2.6
Throwing       | |  1.0
Stealth        | |  1.7

Action                   |  1- 3 |  4- 6 || total
-------------------------+-------+-------++-------
Melee: Spear             |    49 |       ||    49
       Whip              |    50 |    16 ||    66
  Use: Scroll            |     3 |       ||     3
 Stab: Sleeping          |     7 |       ||     7
Armor: Robe              |    11 |       ||    11
       Ring mail         |    22 |    11 ||    33
Dodge: Dodged            |    62 |    18 ||    80
